 Dungeon Sprint DCSS version 0.18.1-47-g9310371 (webtiles) character file.

2911 rftp080 the Destroyer (level 9, -2/59 HPs)
             Began as a Gargoyle Air Elementalist on June 23, 2016.
             Was an Elder of Sif Muna.
             Slain by a komodo dragon (28 damage)
             ... in the Dungeon (Sprint IX: "|||||||||||||||||||||||||||||").
             The game lasted 00:04:56 (446 turns).

rftp080 the Destroyer (Gargoyle Air Elementalist)    Turns: 446, Time: 00:04:57

Health: -2/59      AC: 13    Str: 13    XL:     9   Next: 78%
Magic:  13/19      EV: 15    Int: 18    God:    Sif Muna [****..]
Gold:   0          SH:  0    Dex: 10    Spells: 4 memorised, 12 levels left

rFire  . . .     SeeInvis .     z - staff of conjuration
rCold  . . .     Gourm    .     a - +0 robe
rNeg   + . .     Faith    .     (no shield)
rPois  ∞         Spirit   .     s - +0 helmet
rElec  +         Dismiss  .     r - +0 cloak
rCorr  .         Reflect  .     (no gloves)
SustAt .         Harm     .     (no boots)
MR     .....     NoTele   +     (no amulet)
Stlth  ++........               u - +2 ring of evasion
                                v - +2 ring of protection

@: not resistant to hostile enchantments, unstealthy
A: negative energy resistance 1, electricity resistance, unbreathing,
petrification resistance, rot immunity, AC +5
a: Channel Energy, Forget Spell, Renounce Religion


You were in the Dungeon.
You worshipped Sif Muna.
Sif Muna was greatly pleased with you.
You were not hungry.

You visited 1 branch

Inventory:

Hand Weapons
 o - a +2 halberd of protection
 p - a +2 scimitar of protection
 q - the +3 war axe of Ocas {elec, rF- Int+4 Dex+2}
   (You found it in the Dungeon)

   Occasionally, upon striking a foe, it will discharge some electrical energy
   and cause terrible harm.
   It affects your intelligence (+4).
   It affects your dexterity (+2).
   It makes you vulnerable to fire.
Armour
 a - a +0 robe (worn)
 r - a +0 cloak (worn)
 s - a +0 helmet (worn)
 t - a +1 scale mail
Magical Staves
 n - an uncursed staff of energy
 z - an uncursed staff of conjuration (weapon)
Jewellery
 u - a +2 ring of evasion (right hand)
 v - a +2 ring of protection (left hand)
Wands
 m - a wand of iceblast (7/15)
Scrolls
 i - 2 scrolls of blinking
 k - 4 scrolls of remove curse
 l - 2 scrolls of amnesia
 x - 3 scrolls of identify
 y - 2 scrolls of enchant armour
 A - a scroll of fog
Potions
 d - 7 potions of curing
 e - a potion of resistance
 f - a potion of agility
 g - a potion of magic
 h - a potion of berserk rage
 j - a potion of cure mutation
Books
 b - a book of Air

   Spells                             Type                      Level
   a - Shock                          Conjuration/Air              1
   b - Swiftness                      Charms/Air                   2
   c - Repel Missiles                 Charms/Air                   2
   d - Static Discharge               Conjuration/Air              3
   e - Lightning Bolt                 Conjuration/Air              5


   Skills:
 + Level 8.3 Fighting
 * Level 11.4 Armour
 + Level 5.2 Dodging
 - Level 2.1 Stealth
 + Level 7.2 Spellcasting
 * Level 11.5 Conjurations
 - Level 6.1 Air Magic
 * Level 9.4 Invocations


You had 12 spell levels left.
You knew the following spells:

 Your Spells              Type           Power        Failure   Level  Hunger
a - Shock                 Conj/Air       ####         1%          1    None
b - Repel Missiles        Chrm/Air       ###...       6%          2    None
c - Swiftness             Chrm/Air       ###.....     6%          2    None
d - Lightning Bolt        Conj/Air       ######....   10%         5    #####..


Dungeon Overview and Level Annotations

Branches:
Dungeon (1/1)

Altars:
Cheibriados
Dithmenos
Elyvilon
Fedhas
Gozag
Kikubaaqudgha
Makhleb
Nemelex Xobeh
Okawaru
Pakellas
Qazlal
Ru
Sif Muna
Trog
Vehumet
Xom
Yredelemnul
Zin
The Shining One
Beogh
Jiyva
Lugonu


Innate Abilities, Weirdness & Mutations

You are resistant to torment.
Your stone body is resilient (AC +5).
You are immune to poison.
You resist negative energy.
You are resistant to electric shocks.
You can survive without breathing.
You are immune to petrification.
You are immune to rotting.


Message History

Press: ? - help, Shift-Dir - straight line, f - komodo dragon
Aim: a komodo dragon You feel a surge of power!
You hear a mighty clap of thunder!
The bolt of lightning hits the komodo dragon.
The komodo dragon is heavily wounded.
The bolt of lightning hits the water moccasin.
You kill the water moccasin!
The bolt of lightning hits the water moccasin.
The water moccasin is moderately wounded.
The komodo dragon barely misses you.
Drink which item? (? for menu, Esc to quit)
You feel much better. The komodo dragon bites you!!
You channel some magical energy.
You feel somewhat more hungry. The komodo dragon bites you.
You channel some magical energy.
You feel somewhat more hungry. The komodo dragon bites you.
You channel some magical energy.
You feel somewhat more hungry. The komodo dragon bites you!!
You die...

▓)▓.▓.▓
▓.▓.▓.▓
▓.▓.▓.▓
▓†▓.▓.▓
▓'▓.▓.▓
▓_▓.▓.▓
▓_▓.▓.▓
▓_▓.▓.▓
▓_▓.▓@▓
▓_▓.▓l▓
▓_▓.▓S▓
▓_▓.▓†▓
▓_▓.▓.▓
▓_▓.▓.▓
▓_▓.▓.▓
▓_▓.▓.▓
▓_▓.▓


You could see a komodo dragon and a water moccasin.

Vanquished Creatures
  2 hill giants (D)
  A spiny frog (D)
  2 komodo dragons (D)
  A troll (D)
  2 water moccasins (D)
  A necrophage (D)
  An ogre (D)
  3 centaurs (D)
  2 crocodiles (D)
  A giant frog (D)
  A killer bee (D)
  A hound (D)
  2 worker ants (D)
  An adder zombie (D)
  An orc (D)
  2 bat zombies (D)
  A giant cockroach (D)
  A hobgoblin (D)
  A giant newt (D)
  2 rats (D)
29 creatures vanquished.

Notes
Turn   | Place    | Note
--------------------------------------------------------------
     0 | D        | rftp080 the Gargoyle Air Elementalist began the quest for the Orb.
     0 | D        | Reached XP level 1. HP: 10/10 MP: 3/3
     4 | D        | Reached skill level 1 in Armour
     5 | D        | Reached skill level 1 in Fighting
    42 | D        | Noticed a worker ant
    42 | D        | Noticed an ogre
    42 | D        | Noticed a centaur
    42 | D        | Noticed a hound
    46 | D        | Killed a hound
    46 | D        | Reached XP level 2. HP: 18/18 MP: 0/6
    46 | D        | Reached XP level 3. HP: 22/22 MP: 0/7
    53 | D        | Killed a centaur
    53 | D        | Reached skill level 5 in Armour
    53 | D        | Reached skill level 5 in Conjurations
    53 | D        | Reached XP level 4. HP: 24/28 MP: 1/9
    53 | D        | Reached XP level 5. HP: 28/32 MP: 1/10
    54 | D        | Killed an ogre
    54 | D        | Reached XP level 6. HP: 34/39 MP: 0/12
    58 | D        | Learned a level 2 spell: Repel Missiles
    61 | D        | Learned a level 2 spell: Swiftness
    67 | D        | Learned a level 5 spell: Lightning Bolt
    73 | D        | Found a glowing silver altar of Zin.
    73 | D        | Found a glowing golden altar of the Shining One.
    73 | D        | Found an ancient bone altar of Kikubaaqudgha.
    73 | D        | Found a basalt altar of Yredelemnul.
    73 | D        | Found a shimmering altar of Xom.
    73 | D        | Found a radiant altar of Vehumet.
    74 | D        | Found an iron altar of Okawaru.
    75 | D        | Found a burning altar of Makhleb.
    76 | D        | Found a deep blue altar of Sif Muna.
    77 | D        | Found a bloodstained altar of Trog.
    78 | D        | Found a sparkling altar of Nemelex Xobeh.
    79 | D        | Found a white marble altar of Elyvilon.
    80 | D        | Found a roughly hewn altar of Beogh.
    81 | D        | Found a viscous altar of Jiyva.
    82 | D        | Found a corrupted altar of Lugonu.
    83 | D        | Found a blossoming altar of Fedhas.
    84 | D        | Became a worshipper of Sif Muna the Loreminder
    85 | D        | Found a snail-covered altar of Cheibriados.
    86 | D        | Found a shadowy altar of Dithmenos.
    87 | D        | Found a stormy altar of Qazlal.
    88 | D        | Found an opulent altar of Gozag.
    89 | D        | Found a sacrificial altar of Ru.
    90 | D        | Found an oddly glowing altar of Pakellas.
   109 | D        | Got the +3 war axe of Ocas {elec, rF- Int+4 Dex+2}
   145 | D        | Noticed a hill giant
   152 | D        | Reached skill level 1 in Invocations
   154 | D        | Reached skill level 5 in Fighting
   154 | D        | Reached * piety under Sif Muna
   154 | D        | Reached skill level 5 in Spellcasting
   154 | D        | Reached XP level 7. HP: 40/44 MP: 4/14
   163 | D        | Killed a hill giant
   163 | D        | Reached ** piety under Sif Muna
   163 | D        | Reached skill level 5 in Air Magic
   163 | D        | Reached skill level 5 in Invocations
   163 | D        | Reached XP level 8. HP: 47/52 MP: 12/16
   172 | D        | Noticed a hill giant
   172 | D        | Noticed a troll
   213 | D        | Killed a hill giant
   213 | D        | Reached *** piety under Sif Muna
   213 | D        | Reached skill level 10 in Armour
   213 | D        | Reached skill level 10 in Conjurations
   215 | D        | Killed a troll
   215 | D        | Reached XP level 9. HP: 18/57 MP: 9/18
   420 | D        | Noticed a komodo dragon
   420 | D        | Noticed a komodo dragon
   420 | D        | Noticed a spiny frog
   420 | D        | Noticed a komodo dragon
   422 | D        | Killed a komodo dragon
   423 | D        | Killed a komodo dragon
   423 | D        | Reached **** piety under Sif Muna
   428 | D        | Reached skill level 5 in Dodging
   441 | D        | Killed a spiny frog
   446 | D        | Slain by a komodo dragon

Skill      XL: |  1  2  3  4  5  6  7  8  9 |
---------------+----------------------------+-----
Armour         | 3 5 6 7 9 10 11 | 11.4
Fighting       | 2 3 4 5 6 7 8 |  8.3
Conjurations   | 3 5 6 8 9 10 11 | 11.5
Spellcasting   | 3 4 5 6 7 |  7.2
Air Magic      | 3 4 5 6 |  6.1
Invocations    | 3 5 7 9 |  9.4
Dodging        | 2 3 4 5 |  5.2
Stealth        | |  2.1

Action                   |  1- 3 |  4- 6 |  7- 9 || total
-------------------------+-------+-------+-------++-------
 Cast: Shock             |    11 |     9 |    29 ||    49
       Swiftness         |       |       |     1 ||     1
       Lightning Bolt    |       |       |     6 ||     6
Invok: Channel Energy    |       |       |    13 ||    13
  Use: Potion            |     2 |     1 |     7 ||    10
       Scroll            |       |       |     1 ||     1
  Eat: Bread ration      |       |       |     1 ||     1
Armor: Robe              |     1 |       |     5 ||     6
       Scale mail        |       |     2 |     5 ||     7
Dodge: Dodged            |     4 |    10 |    16 ||    30
